 Dungeon Crawl Stone Soup version 0.18-a0-1070-gd466a24 (webtiles) character file.

717 tof the Shield-Bearer (level 8, -2/61 HPs)
             Began as a Formicid Fighter on Jan 13, 2016.
             Was a Follower of Okawaru.
             Slain by an ogre
             ... wielding a +0 giant club
              (16 damage)
             ... on level 5 of the Dungeon.
             The game lasted 00:08:28 (4037 turns).

tof the Shield-Bearer (Formicid Fighter)            Turns: 4037, Time: 00:08:28

Health: -2/61      AC:  7    Str: 20    XL:     8   Next: 1%
Magic:  8/8        EV: 10    Int:  9    God:    Okawaru [*.....]
Gold:   197        SH: 14    Dex: 12    Spells: 0 memorised, 7 levels left

rFire  . . .     SeeInvis +     a - +1 trident
rCold  . . .     Gourm    .     b - +0 scale mail
rNeg   . . .     Faith    .     c - +1 shield
rPois  .         Spirit   .     (helmet unavailable)
rElec  .         Dismiss  .     (no cloak)
rCorr  .         Reflect  +     (no gloves)
SustAt .         Harm     .     (no boots)
MR     .....                    q - +3 amulet of reflection
Stlth  ..........               (no ring)
                                (no ring)

@: not resistant to hostile enchantments, extremely unstealthy
A: permanent stasis, dig shafts and tunnels, four strong arms, antennae 3
a: Dig, Shaft Self, Heroism, Renounce Religion


You were on level 5 of the Dungeon.
You worshipped Okawaru.
Okawaru was aware of your devotion.
You were not hungry.

You visited 2 branches of the dungeon, and saw 6 of its levels.

You collected 197 gold pieces.

Inventory:

Hand Weapons
 a - a +1 trident (weapon)
Armour
 b - a +0 scale mail (worn)
 c - a +1 shield (worn)
Jewellery
 q - a +3 amulet of reflection (around neck)
 w - an uncursed amulet of guardian spirit
Scrolls
 e - a scroll of enchant armour
 g - 2 scrolls of enchant weapon
 i - a scroll of fog {unknown}
 k - a scroll of recharging
 o - 2 scrolls of remove curse
 v - a scroll of fear {unknown}
Potions
 d - a potion of might
 j - a potion of heal wounds
 m - a potion of cancellation
 r - a potion of flight {unknown}
 s - a potion of curing {unknown}
 u - a potion of mutation {unknown}
Comestibles
 f - 2 bread rations
 l - 2 slices of pizza
 p - a meat ration
 t - 4 chunks of flesh


   Skills:
 * Level 4.9 Fighting
 * Level 3.8 Polearms
 * Level 5.3 Armour
 * Level 3.0 Dodging
 * Level 6.1 Shields


You had 7 spell levels left.
You didn't know any spells.

Dungeon Overview and Level Annotations

Branches:
Dungeon (5/15)             Temple (1/1) D:4

Altars:
Ashenzari
Dithmenos
Elyvilon
Fedhas
Kikubaaqudgha
Okawaru
Qazlal
Ru
Sif Muna
Trog
Vehumet
Xom
The Shining One

Annotations:
D:4 Menkaure


Innate Abilities, Weirdness & Mutations

You are under a permanent stasis effect.
You can dig through walls and to a lower floor.
Your four strong arms can wield two-handed weapons with a shield.
You have a pair of large antennae on your head (SInv).


Message History

You see here a fuming coppery potion.
A phantom comes into view.
The phantom moves out of view.
Found 17 stones.
A scorpion comes into view.
The iguana hisses menacingly.
The phantom blinks!
Found 6 gold pieces.
Found 30 arrows.
You see here 6 gold pieces.
You see here 30 arrows.
A giant frog skeleton comes into view.
The giant frog skeleton barely misses you.
You puncture the giant frog skeleton!
You block the giant frog skeleton's attack.
The ogre hits you with a giant club!!
* * * LOW HITPOINT WARNING * * *
You block the giant frog skeleton's attack.
You puncture the giant frog skeleton! The ogre hits you with a giant club!
You die...

#.. ##.. . .#.#
#.## ... ..###
..##{ # ...# ...
#. #.########Z#
#.###....lsWO@.#
#...#...########
#....## ##....#
#..#..#
#####..##.#
#...l..# .#
##.###..# ..
#.{# ##.# ..


You could see a phantom, an ogre, a scorpion, an iguana and a giant frog
skeleton.

Vanquished Creatures
  Sigmund (D:4)
  The ghost of namelastname112 the Sneak, an amateur DrWz (D:4)
  2 ogres (D:4)
  A hound (D:4)
  A giant frog skeleton (D:4)
  4 worker ants (D:4)
  5 adders
  2 oozes
  2 worms
  3 giant geckos
  2 giant cockroaches
  9 goblins
  4 hobgoblins
  6 kobolds
  7 bats
  A giant gecko skeleton (D:4)
  4 giant newts
  7 rats
62 creatures vanquished.

Notes
Turn   | Place    | Note
--------------------------------------------------------------
     0 | D:1      | tof the Formicid Fighter began the quest for the Orb.
     0 | D:1      | Reached XP level 1. HP: 18/18 MP: 1/1
    56 | D:1      | Reached XP level 2. HP: 24/24 MP: 2/2
   224 | D:1      | Reached skill level 4 in Shields
   465 | D:1      | Reached XP level 3. HP: 29/29 MP: 3/3
   819 | D:2      | Reached XP level 4. HP: 30/37 MP: 4/4
   888 | D:2      | Reached skill level 1 in Dodging
  1160 | D:3      | Found a shattered altar of Ashenzari.
  1191 | D:3      | Found a shimmering altar of Xom.
  1569 | D:3      | Reached XP level 5. HP: 42/42 MP: 5/5
  2415 | D:4      | Noticed an ogre
  2427 | D:4      | Killed an ogre
  2427 | D:4      | Reached skill level 5 in Shields
  2427 | D:4      | Reached XP level 6. HP: 30/48 MP: 6/6
  2712 | D:4      | Found a staircase to the Ecumenical Temple.
  2773 | Temple   | Entered the Ecumenical Temple
  2816 | Temple   | Became a worshipper of Warmaster Okawaru
  2978 | D:4      | Noticed Sigmund
  3008 | D:4      | Killed Sigmund
  3008 | D:4      | Reached XP level 7. HP: 50/55 MP: 7/7
  3049 | D:4      | Noticed namelastname112's ghost (amateur DrWz)
  3076 | D:5      | Entered Level 5 of the Dungeon
  3079 | D:5      | Noticed Menkaure
  3658 | D:4      | Killed namelastname112's ghost
  3658 | D:4      | Reached skill level 5 in Armour
  3817 | D:4      | Reached * piety under Okawaru
  3817 | D:4      | Reached skill level 6 in Shields
  3961 | D:4      | Reached XP level 8. HP: 12/61 MP: 8/8
  4037 | D:5      | Slain by an ogre

Vault maps used:
D:1:      tarquinn_simple_flora_water_f, st_stairs_7
D:3:      ashenzari_altar_1, first_bread, xom_teletrap_fun
D:4:      temple_hall, minmay_misc_feat_four_crosses, uniq_sigmund
D:5:      wad_floor_pattern_untrapped, uniq_menkaure
Temple:   grunt_circular_temple_18

Action                   |  1- 3 |  4- 6 |  7- 9 || total
-------------------------+-------+-------+-------++-------
Melee: Trident           |   103 |   165 |    75 ||   343
  Use: Scroll            |       |     5 |     1 ||     6
       Potion            |       |     1 |     2 ||     3
  Eat: Chunk             |       |     7 |       ||     7
       Bread ration      |       |       |     1 ||     1
